 Dungeon Crawl Stone Soup version 0.29.1-1-gd02db6906a (webtiles) character file.

Game seed: 2667088177992373174

4811 sleeves the Cleaver (level 10, -7/70 HPs)
             Began as a Human Berserker on Sept 18, 2022.
             Was an Elder of Trog.
             Killed from afar by Erolcha (11 damage)
             ... with a fireball
             ... on level 9 of the Dungeon.
             The game lasted 00:23:09 (13112 turns).

sleeves the Cleaver (Human Berserker)              Turns: 13112, Time: 00:23:10

Health: -7/70      AC: 14    Str: 20    XL:     10   Next: 77%
Magic:  0/10       EV:  5    Int:  8    God:    Trog [****..]
Gold:   617        SH: 10    Dex: 14    Spells: 9/9 levels left

rFire   . . .      SeeInvis +   a - +0 war axe
rCold   . . .      Faith    .   y - +0 kite shield
rNeg    . . .      Spirit   +   Q - +0 plate armour
rPois   .          Reflect  .   j - +0 helmet
rElec   .          Harm     .   (no cloak)
rCorr   .          Rampage  .   O - +0 pair of gloves
Will    .....                   (no boots)
Stlth   ..........              G - amulet of guardian spirit
HPRegen 0.21/turn               (no ring)
MPRegen 0.12/turn               H - ring of see invisible

@: silenced
A: no striking features
a: Renounce Religion


You were on level 9 of the Dungeon.
You worshipped Trog.
Trog was greatly pleased with you.
You visited 1 branch of the dungeon, and saw 9 of its levels.

You collected 617 gold pieces.

Inventory:

Hand Weapons
 a - a +0 war axe (weapon)
   (You took it off an orc warrior on level 7 of the Dungeon)
 b - a +1 whip of venom
   (You took it off a gnoll on level 5 of the Dungeon)
 o - a +0 flail of protection
   (You took it off Terence on level 2 of the Dungeon)
 w - a +4 flail
   (You took it off an orc on level 7 of the Dungeon)
 x - a +1 short sword of venom
   (You took it off a kobold on level 3 of the Dungeon)
Missiles
 r - 20 poisoned darts (quivered)
 u - a throwing net
 B - 87 stones
 L - 2 javelins
Armour
 j - a +0 helmet (worn)
   (You found it on level 1 of the Dungeon)
 s - a +0 chain mail
   (You found it on level 3 of the Dungeon)
 y - a +0 kite shield (worn)
   (You took it off a hobgoblin on level 4 of the Dungeon)
 O - a +0 pair of gloves (worn)
   (You found it on level 8 of the Dungeon)
 Q - a +0 plate armour (worn)
   (You took it off an orc warrior on level 8 of the Dungeon)
Jewellery
 l - a ring of ice
   (You found it on level 2 of the Dungeon)
 G - an amulet of guardian spirit (around neck)
   (You found it on level 5 of the Dungeon)
 H - a ring of see invisible (right hand)
   (You found it on level 5 of the Dungeon)
 J - a ring of fire
   (You found it on level 6 of the Dungeon)
Wands
 m - a wand of paralysis (7)
   (You found it on level 2 of the Dungeon)
 A - a wand of digging (5)
   (You found it on level 5 of the Dungeon)
 E - a wand of quicksilver (1)
   (You found it on level 5 of the Dungeon)
 M - a wand of iceblast (4)
   (You found it on level 7 of the Dungeon)
 P - a wand of polymorph (6)
   (You found it on level 8 of the Dungeon)
Scrolls
 e - 2 scrolls of blinking
 v - 6 scrolls of teleportation
 C - a scroll of enchant weapon
 D - 3 scrolls of magic mapping
 F - 2 scrolls of vulnerability
 K - a scroll of poison
 R - a scroll of fear
Potions
 c - 2 potions of magic
 d - 2 potions of lignification
 g - a potion of flight {unknown}
 i - 2 potions of mutation {unknown}
 k - a potion of heal wounds {unknown}
 n - 3 potions of might
 p - 2 potions of attraction
 t - a potion of brilliance {unknown}
 z - 6 potions of curing
 N - a potion of resistance


   Skills:
 + Level 3.0 Fighting
 + Level 10.7 Axes
 + Level 7.3 Throwing
 + Level 4.3 Armour
 - Level 2.0 Dodging
 - Level 7.3 Shields


You had 9 spell levels left.
You didn't know any spells.
Your spell library was empty.

Dungeon Overview and Level Annotations

Branches:
Dungeon (9/15)             Temple (0/1) D:6
   Lair: D:8-11         Orc: D:9-12

Altars:
Dithmenos
Fedhas
Gozag
Hepliaklqana
Nemelex Xobeh
Qazlal
Vehumet
Wu Jian
Yredelemnul

Annotations:
D:9 Erolcha


Message History

There is an open door here.
You open the door.
There is an open door here.
You open the door.
Key pressed, stopping explore.
You open the door.
There is an open door here.
There is an open door here.
You open the door.
There is an open door here.
There is an open door here.
There is an escape hatch in the floor here.
Done exploring.
Done exploring.
Done exploring.
Done exploring.
Done exploring.
Done exploring.
Done exploring.
Unknown command.
There is an open door here.
There is an open door here.
There is an open door here.
You open the door.
There is an open door here.
There is an open door, spattered with blood here.
You open the door.
There is an open door here.
There is a stone staircase leading down here.
You climb downwards.
Found a potion of curing.
There is a stone staircase leading up here.
z - 6 potions of curing (gained 1)
Found an escape hatch in the ceiling.
There is an escape hatch in the ceiling here.
You open the door.
There is an open door here.
You enter the shallow water.
Moving in this stuff is going to be slow.
You open the door.
There is an open door here.
There is a stone staircase leading up here.
A kobold comes into view. It is wielding a +0 dagger.
Found 5 gold pieces.
The kobold shouts!
A kobold comes into view. It is wielding a +0 short sword.
There are monsters nearby!
The kobold shouts!
You hear a shout! x2
A kobold brigand comes into view.
It is wielding a +0 dagger and quivering poisoned darts.
You hit the kobold.
The kobold is heavily wounded.
The kobold hits you but does no damage.
You hit the kobold.
You kill the kobold!
Trog accepts your kill.
You completely miss the kobold.
The kobold hits you with a +0 short sword.
A kobold comes into view.
It is wielding a +0 dagger and quivering poisoned darts.
You slash the kobold!
You kill the kobold!
Trog accepts your kill.
The kobold brigand hits you but does no damage.
A kobold comes into view. It is wielding a +0 whip.
You closely miss the kobold brigand.
The kobold brigand hits you but does no damage.
You closely miss the kobold brigand.
The kobold brigand hits you but does no damage.
You hit the kobold brigand.
The kobold brigand is lightly wounded.
The kobold brigand hits you but does no damage.
You hit the kobold brigand.
The kobold brigand is lightly wounded.
The kobold brigand hits you with a +0 dagger.
You miss the kobold brigand.
The kobold brigand is lightly wounded.
You block the kobold brigand's attack.
You hit the kobold brigand.
The kobold brigand is lightly wounded.
The kobold brigand hits you with a +0 dagger.
You slash the kobold brigand!
The kobold brigand is moderately wounded.
The kobold brigand hits you with a +0 dagger. x2
You barely miss the kobold brigand.
The kobold brigand is moderately wounded.
You block the kobold brigand's attack.
You closely miss the kobold brigand.
The kobold brigand is moderately wounded.
The kobold brigand barely misses you.
You closely miss the kobold brigand.
The kobold brigand is moderately wounded.
You block the kobold brigand's attack.
You closely miss the kobold brigand.
The kobold brigand is moderately wounded.
The kobold brigand hits you but does no damage.
You hit the kobold brigand.
The kobold brigand is heavily wounded.
You block the kobold brigand's attack.
You slash the kobold brigand!
The kobold brigand is almost dead.
You block the kobold brigand's attack.
The kobold brigand hits you with a +0 dagger.
You hit the kobold brigand.
You kill the kobold brigand!
Trog accepts your kill.
Your Armour skill increases to level 3!
You closely miss the kobold. You block the kobold's attack.
You slash the kobold!
You kill the kobold!
Trog accepts your kill.
You hit the kobold but do no damage. The kobold hits you but does no damage.
You slash the kobold!
You kill the kobold!
Trog accepts your kill.
No target in view!
No target in view!
No target in view!
No target in view!
No target in view!
No target in view!
Magic restored.
HP restored.
r - 20 poisoned darts (gained 4)
Items here: ))))) ††††.
You now have 437 gold pieces (gained 5).
Found a stone staircase leading down.
O - a +0 pair of gloves You now have 451 gold pieces (gained 14).
You now have 462 gold pieces (gained 11).
An orc comes into view. It is wielding a +0 hand axe.
The orc shouts!
A wyvern comes into view.
The wyvern hisses angrily.
Throw: 20 darts (poison)
Press: ? - help, Q - select action, (/) - cycle Shift-Dir - straight line, f - wyvern
Aim: a wyvern (63% to hit)
You throw a poisoned dart.
The poisoned dart barely misses the wyvern.
Throw: 19 darts (poison)
Press: ? - help, Q - select action, (/) - cycle Shift-Dir - straight line, f/p - wyvern
Aim: a wyvern (63% to hit)
You throw a poisoned dart. The poisoned dart hits the wyvern!
The wyvern is poisoned.
Throw: 18 darts (poison)
Press: ? - help, Q - select action, (/) - cycle Shift-Dir - straight line, f/p - wyvern
Aim: a wyvern (very poisoned, 63% to hit)
You throw a poisoned dart. The poisoned dart hits the wyvern!
The wyvern looks as sick as possible!
Okay, then.
You slash the wyvern!
The wyvern is moderately wounded.
You block the wyvern's attack. The wyvern bites you!
You closely miss the wyvern.
The wyvern is heavily wounded.
You block the wyvern's attack. The wyvern bites you!
You barely miss the wyvern.
The wyvern is heavily wounded.
You block the wyvern's attack. The wyvern bites you!
You are too injured to fight recklessly!
You are too injured to fight recklessly!
You are too injured to fight recklessly!
You slash the wyvern!
The wyvern is almost dead.
The wyvern barely misses you.
You slash the wyvern!
You kill the wyvern!
Trog accepts your kill.
You closely miss the orc. The orc barely misses you.
The orc hits you but does no damage.
You closely miss the orc. The orc hits you with a +0 hand axe.
You closely miss the orc. You block the orc's attack.
You slash the orc!
You kill the orc!
Trog accepts your kill.
Things that are here:
a +0 hand axe; an orc corpse; a wyvern corpse You start putting on your armour.
You continue putting on your +0 pair of gloves. x4
You finish putting on your +0 pair of gloves.
You drop a +2 animal skin.
Search for what [Enter for "ven", or ? for help]? armor A howler monkey comes into view.
An orc warrior and an orc come into view.
The howler monkey howls!
The orc shouts!
The orc warrior unwields a +0 flail.
The orc warrior wields a +0 arbalest.
The orc warrior shoots a bolt.
The bolt hits you!
You see here a +2 animal skin.
The howler monkey hoots and howls with incredible vigour!
You hear a shout! x3; You hear an angry hiss.
You hear a shout!
The howler monkey hoots and howls with incredible vigour!
Items here: ))))) ††††.
The howler monkey hoots and howls with incredible vigour!
There is a stone staircase leading up here.
The howler monkey hits you but does no damage.
You block the howler monkey's attack.
There is a stone staircase leading up here.
You slash the howler monkey!
The howler monkey is severely wounded.
The howler monkey hits you but does no damage.
You hit the howler monkey.
The howler monkey is almost dead.
The howler monkey hoots and howls with incredible vigour!
The howler monkey barely misses you.
You hit the howler monkey.
The howler monkey is almost dead.
You block the howler monkey's attack.
You hit the howler monkey.
You kill the howler monkey!
Trog accepts your kill. The orc hits you with a +4 flail!
You climb upwards.
There is a stone staircase leading down here.
You are too injured to fight recklessly!
You are too injured to fight recklessly!
You are too injured to fight recklessly!
You are too injured to fight recklessly!
You are too injured to fight recklessly!
You are too injured to fight recklessly!
You are too injured to fight recklessly!
You are too injured to fight recklessly!
You are too injured to fight recklessly!
You are too injured to fight recklessly!
You are too injured to fight recklessly!
You closely miss the orc. The orc hits you but does no damage.
You block the orc's attack.
You hit the orc.
The orc is severely wounded.
The orc hits you but does no damage.
You slash the orc!
You kill the orc!
Trog accepts your kill.
Things that are here:
a +4 flail; a +0 leather armour
w - a +4 flail You start resting.
Magic restored.
You start resting.
HP restored.
There is a stone staircase leading down here.
w - a +4 flail (weapon)
You swing at nothing.
You swing at nothing.
You swing at nothing.
There is a stone staircase leading down here.
You climb downwards.
The orc shouts!
Found an escape hatch in the floor.
There is a stone staircase leading up here.
You hit the orc.
The orc is almost dead.
You block the orc's attack.
A centaur comes into view.
You thump the orc!
You kill the orc!
Trog accepts your kill.
The centaur wields a +0 shortbow.
The centaur shoots an arrow.
You block the arrow.
The centaur shoots an arrow.
The arrow closely misses you.
The centaur drinks a potion.
The centaur seems to grow stronger.
The centaur unwields a +0 shortbow.
You block the centaur's attack. x2
The centaur hits you.
The centaur kicks you but does no damage.
You hit the centaur.
The centaur is moderately wounded.
The centaur hits you!
The centaur kicks you but does no damage.
The centaur hits you but does no damage.
The centaur kicks you but does no damage.
You hit the centaur.
The centaur is heavily wounded.
The centaur barely misses you.
The centaur kicks you but does no damage.
The centaur hits you. The centaur barely misses you.
You hit the centaur.
The centaur is heavily wounded.
The centaur hits you. You block the centaur's attack. x2
The centaur kicks you but does no damage.
You hit the centaur.
The centaur is severely wounded.
The centaur hits you.
The centaur kicks you but does no damage.
You hit the centaur but do no damage.
The centaur is severely wounded.
You block the centaur's attack. The centaur barely misses you.
The centaur hits you but does no damage.
You block the centaur's attack.
You sock the centaur!
You kill the centaur!
Trog accepts your kill.
No target in view!
No target in view!
Magic restored.
HP restored.
You now have 472 gold pieces (gained 10).
Things that are here:
a +0 shortbow; a centaur corpse
B - 81 stones (gained 6)
P - a wand of polymorph (6)
r - 18 poisoned darts (gained 1)
r - 19 poisoned darts (gained 1)
r - 20 poisoned darts (gained 1)
The orc warrior shouts!
The orc warrior shoots a bolt.
The bolt hits you!
Things that are here:
a +0 hand axe; an orc skeleton; a wyvern skeleton An orc warrior is nearby!
Throw: 20 darts (poison)
Press: ? - help, Q - select action, (/) - cycle Shift-Dir - straight line, f - orc warrior
Aim: an orc warrior, wielding a +0 arbalest and wearing a +0 plate armour (63% to hit)
You throw a poisoned dart. The poisoned dart hits the orc warrior!
The orc warrior is poisoned.
The orc warrior shoots a bolt.
The bolt hits you!
Throw: 19 darts (poison)
Press: ? - help, Q - select action, (/) - cycle Shift-Dir - straight line, f/p - orc warrior
Aim: an orc warrior, wielding a +0 arbalest and wearing a +0 plate armour (very poisoned, 63% to hit)
You throw a poisoned dart. The poisoned dart hits the orc warrior.
The orc warrior looks even sicker.
The orc warrior shoots a bolt.
You block the bolt.
The orc warrior shoots a bolt.
The bolt hits you!
The orc warrior unwields a +0 arbalest.
The orc warrior wields a +0 flail.
The orc warrior hits you with a +0 flail.
You see here a +2 animal skin.
You hit the orc warrior.
The orc warrior is moderately wounded.
The orc warrior hits you with a +0 flail.
You barely miss the orc warrior.
The orc warrior is moderately wounded.
The orc warrior hits you with a +0 flail.
You hit the orc warrior but do no damage.
The orc warrior is moderately wounded.
You block the orc warrior's attack.
You hit the orc warrior.
The orc warrior is moderately wounded.
You block the orc warrior's attack.
You hit the orc warrior but do no damage.
The orc warrior is moderately wounded.
You block the orc warrior's attack.
The orc warrior hits you but does no damage.
You closely miss the orc warrior.
The orc warrior is heavily wounded.
The orc warrior hits you but does no damage.
You hit the orc warrior.
The orc warrior is severely wounded.
You block the orc warrior's attack.
You hit the orc warrior.
The orc warrior is severely wounded.
You block the orc warrior's attack.
You hit the orc warrior.
The orc warrior is almost dead.
The orc warrior hits you with a +0 flail.
You closely miss the orc warrior.
The orc warrior is almost dead.
You kill the orc warrior!
Trog accepts your kill.
Press: ? - help, v - describe, . - travel, g - get item
Items here: $ ( )) [.
The floor, spattered with blood.
You now have 504 gold pieces (gained 32).
r - 20 poisoned darts (gained 2)
Things that are here:
a +0 flail; a +0 arbalest; a +0 plate armour
Q - a +0 plate armour You start resting.
Magic restored.
You start resting.
HP restored.
You start removing your armour.
You continue taking off your +0 chain mail. x4
You finish taking off your +0 chain mail.
You start putting on your armour.
You continue putting on your +0 plate armour. x5
You finish putting on your +0 plate armour.
You now have 512 gold pieces (gained 8).
You see here a +2 animal skin.
You see here a +0 hand axe.
B - 87 stones (gained 6)
An orc comes into view. It is wielding a +0 hand axe.
Found an opulent altar of Gozag.
The orc shouts!
The orc moves out of view.
An orc wizard comes into view. It is wielding a +0 dagger.
There are monsters nearby!
There are monsters nearby!
The orc wizard shouts!
You sock the orc!
You kill the orc!
Trog accepts your kill.
The orc wizard points at you and mumbles some strange words.
You easily resist.
You see here a +0 hand axe.
The orc wizard points at you and mumbles some strange words.
You easily resist.
You hit the orc wizard but do no damage.
You block the orc wizard's attack.
You sock the orc wizard!
The orc wizard is heavily wounded.
You block the orc wizard's attack.
You hit the orc wizard but do no damage.
The orc wizard is heavily wounded.
The orc wizard gestures at you while chanting.
The puff of flame hits you but does no damage.
You miss the orc wizard.
The orc wizard is heavily wounded.
The orc wizard gestures at you while chanting.
The magic dart hits you. You block the orc wizard's attack.
You miss the orc wizard.
The orc wizard is heavily wounded.
The orc wizard barely misses you.
You thump the orc wizard!
The orc wizard is almost dead.
You block the orc wizard's attack.
You thump the orc wizard!
You kill the orc wizard!
Trog accepts your kill.
Trog appreciates your killing of a magic user.
No target in view!
An orc comes into view. It is wielding a +0 short sword.
An orc is nearby!
An orc is nearby!
An orc is nearby!
The orc shouts!
You barely miss the orc. The orc hits you but does no damage.
The orc hits you with a +0 short sword.
You hit the orc.
The orc is almost dead.
You block the orc's attack.
You hit the orc but do no damage.
The orc is almost dead.
The orc barely misses you.
You closely miss the orc.
The orc is almost dead.
The orc hits you but does no damage.
You completely miss the orc.
The orc is almost dead.
The orc hits you but does no damage. x2
You sock the orc!
You kill the orc!
Trog accepts your kill.
Things that are here:
a +0 short sword; a +0 scale mail; an orc corpse You open the door.
There is an open door here.
You enter the shallow water.
Moving in this stuff is going to be slow.
You open the door.
There is an open door here.
Found a stone staircase leading down.
A white imp comes into view.
The white imp shouts, "Leave, thou fobbing fat-kidneyed varlet!"
You see here a scroll labelled LISYISKUYPE.
A white imp is nearby!
A white imp is nearby!
Found a stone staircase leading up.
Found 12 gold pieces.
The white imp hits you but does no damage.
You thump the white imp!
You kill the white imp!
Trog accepts your kill.
R - a scroll labelled LISYISKUYPE You now have 524 gold pieces (gained 12).
q - 12 scrolls labelled ADUIGG PYHO (gained 1)
A steam dragon comes into view.
The steam dragon breathes steam at you. The ball of steam hits you. You resist.
The steam dragon moves out of view.
A steam dragon is nearby!
Okay, then.
You throw a poisoned dart.
The poisoned dart barely misses the steam dragon.
The steam dragon breathes steam at you. The ball of steam hits you. You resist.
You throw a poisoned dart.
The poisoned dart hits the steam dragon.
The steam dragon is poisoned.
You block the steam dragon's attack.
The steam dragon claws you but does no damage.
A sky beast comes into view.
You thump the steam dragon!
The steam dragon is heavily wounded.
The steam dragon bites you but does no damage.
The steam dragon claws you.
You sock the steam dragon!
The steam dragon is severely wounded.
You block the steam dragon's attack. x2
You sock the steam dragon!
You kill the steam dragon!
Trog accepts your kill.
The sky beast flickers out of sight!
Deactivating autopickup; reactivate with Ctrl-A.
a - a +0 war axe (weapon)
Your +1 whip of venom begins to drip with poison!
b - a +1 whip of venom (weapon)
No target in view!
No target in view!
Something hits you but does no damage.
You hit something. You block something's attack.
You miss something. Something hits you but does no damage.
You closely miss something. You block something's attack.
You closely miss something. Something hits you. Something shocks you.
You hit something. You hit something but do no damage. Something hits you.
Something shocks you.
You hit something.
A sky beast appears from thin air!
Reactivating autopickup.
You block the sky beast's attack.
You hit the sky beast.
The sky beast looks as sick as possible!
The sky beast is severely wounded.
The sky beast hits you but does no damage.
You hit the sky beast but do no damage.
The sky beast looks as sick as possible!
The sky beast is severely wounded.
You block the sky beast's attack.
You barely miss the sky beast.
The sky beast is severely wounded.
The sky beast completely misses you.
You hit the sky beast.
You kill the sky beast!
Trog accepts your kill.
You can now call in reinforcements.
You enter the shallow water.
Moving in this stuff is going to be slow.
r - 19 poisoned darts (gained 1)
You see here a sky beast corpse.
Your +1 whip of venom stops dripping with poison.
Your +0 flail of protection hums with potential!
o - a +0 flail of protection (weapon)
Magic restored.
Found a hazy altar of Hepliaklqana.
Found a stone staircase leading down.
r - 20 poisoned darts (gained 1)
You now have 534 gold pieces (gained 10).
A killer bee comes into view.
The killer bee buzzes angrily.
A killer bee comes into view.
The killer bee attacks as you move away!
The killer bee closely misses you. You block the killer bee's attack.
The killer bee stings you but does no damage.
Your +0 flail of protection goes still.
Your +1 whip of venom begins to drip with poison!
b - a +1 whip of venom (weapon)
You block the killer bee's attack.
You miss the killer bee.
The killer bee stings you but does no damage.
You block the killer bee's attack.
The killer bee stings you but does no damage.
You whack the killer bee!
The killer bee is poisoned.
The killer bee is heavily wounded.
The killer bee stings you. You block the killer bee's attack.
You miss the killer bee.
You kill the killer bee!
Trog accepts your kill.
The killer bee stings you but does no damage.
You block the killer bee's attack.
A killer bee comes into view.
The killer bee buzzes angrily.
You hit the killer bee but do no damage.
The killer bee is poisoned.
The killer bee stings you but does no damage. x2
A killer bee comes into view.
You hit the killer bee.
The killer bee is severely wounded.
The killer bee stings you.
You are poisoned.
The killer bee poisons you! You block the killer bee's attack.
You barely miss the killer bee.
You feel sick.
You kill the killer bee!
Trog accepts your kill.
The killer bee stings you but does no damage.
You block the killer bee's attack.
You barely miss the killer bee.
You feel sick. You block the killer bee's attack.
The killer bee stings you but does no damage.
A killer bee comes into view.
You block the killer bee's attack.
The killer bee stings you but does no damage.
The killer bee buzzes angrily.
You hit the killer bee but do no damage.
The killer bee is poisoned.
You feel sick.
The killer bee stings you but does no damage. x4
You miss the killer bee.
You feel sick.
The killer bee stings you but does no damage.
The killer bee stings you.
You are more poisoned.
The killer bee poisons you! You block the killer bee's attack.
The killer bee barely misses you.
You miss the killer bee.
You feel very sick.
The killer bee stings you but does no damage. x3
You block the killer bee's attack.
You miss the killer bee.
You feel sick. The killer bee barely misses you.
You block the killer bee's attack.
You closely miss the killer bee.
You feel sick. The killer bee stings you!
You are more poisoned.
The killer bee poisons you! You block the killer bee's attack.
The killer bee stings you but does no damage. x2
You hit the killer bee.
The killer bee is poisoned.
The killer bee is moderately wounded.
You feel very sick.
The killer bee stings you but does no damage.
You block the killer bee's attack.
The killer bee stings you but does no damage. x2
You hit the killer bee.
You kill the killer bee!
Trog accepts your kill.
You feel sick.
The killer bee stings you but does no damage.
The killer bee barely misses you. x2
Your Throwing skill increases to level 7!
Your Shields skill increases to level 7!
You miss the killer bee.
You feel sick.
You kill the killer bee!
Trog accepts your kill.
The killer bee stings you but does no damage.
The killer bee stings you.
You hit the killer bee.
The killer bee is moderately wounded.
You feel sick. The killer bee stings you.
* * * LOW HITPOINT WARNING * * *
You are more poisoned.
The killer bee poisons you! The killer bee completely misses you.
You miss the killer bee.
The killer bee is moderately wounded.
You feel very sick. The killer bee barely misses you. x2
You miss the killer bee.
The killer bee is moderately wounded.
You feel very sick. You block the killer bee's attack.
You whack the killer bee!
The killer bee is poisoned.
The killer bee is almost dead.
You feel sick.
You kill the killer bee!
Trog accepts your kill.
You feel sick.
You feel sick.
You start resting.
You feel sick. x6
You are no longer poisoned.
You start resting.
HP restored.
There is a shaft here.
q - 13 scrolls labelled ADUIGG PYHO (gained 1)
F - 2 scrolls labelled MOROTE ROOPI (gained 1)
You now have 551 gold pieces (gained 17).
S - a potion of haste
Found a halberd.
You see here a +0 halberd.
An orc priest and 2 orcs come into view.
The orc priest shouts!
The orc shouts! x2
The orc moves out of view.
The orc priest begins to cast a cantrip, but forgets the words!
You closely miss the orc priest. The orc priest completely misses you.
You hit the orc priest.
The orc priest is poisoned.
The orc priest is moderately wounded.
The orc priest mumbles some strange prayers to Beogh against you.
Beogh smites you! You block the orc's attack.
You hit the orc priest.
The orc priest is severely wounded.
You block the orc's attack.
The orc priest hits you but does no damage.
The orc barely misses you.
You hit the orc priest.
You kill the orc priest!
Trog accepts your kill. You block the orc's attack. x2
You barely miss the orc. The orc hits you but does no damage. x2
You hit the orc.
The orc is lightly wounded.
You block the orc's attack. The orc hits you with a +0 mace.
You whack the orc!
The orc is poisoned.
The orc is almost dead.
You block the orc's attack. The orc barely misses you.
You whack the orc!
You kill the orc!
Trog accepts your kill. You block the orc's attack.
You barely miss the orc.
The orc is lightly wounded.
The orc hits you but does no damage.
You hit the orc but do no damage.
The orc is poisoned.
The orc is lightly wounded.
You block the orc's attack.
You barely miss the orc.
The orc is lightly wounded.
The orc hits you but does no damage.
You whack the orc!
You kill the orc!
Trog accepts your kill.
You now have 608 gold pieces (gained 57).
Things that are here:
a +3 dagger; an orc corpse You see here a +0 hand axe.
You see here a +2 animal skin.
Items here: ))))).
Partly explored, can't reach some places.
Partly explored, can't reach some places.
Partly explored, can't reach some places.
Partly explored, can't reach some places.
Partly explored, can't reach some places.
Partly explored, can't reach some places.
Partly explored, can't reach some places.
(D) Dungeon (T) Temple
Where to? (Enter - D:8 @ (x,y), ? - help)
Items here: ))))).
Things that are here:
a +0 flail; a +0 arbalest You see here a +2 animal skin.
You see here a +0 hand axe.
An orc priest comes into view. It is wielding a +0 short sword.
The orc priest shouts!
The orc priest casts a cantrip, but nothing happens.
The orc priest mumbles some strange prayers to Beogh against you.
Beogh smites you!
You whack the orc priest!
The orc priest is heavily wounded.
The orc priest hits you with a +0 short sword.
You hit the orc priest but do no damage.
The orc priest is heavily wounded.
You hit the orc priest.
The orc priest is poisoned.
The orc priest is almost dead.
The orc priest hits you but does no damage.
You barely miss the orc priest.
The orc priest is almost dead.
You kill the orc priest!
Trog accepts your kill.
No target in view!
No target in view!
Magic restored.
Partly explored, can't reach some places.
Partly explored, can't reach some places.
Partly explored, can't reach some places.
Unknown command.
Unknown command.
H - a ring of see invisible (right hand)
Okay, then.
You remove your ring of fire.
Unknown command.
Partly explored, can't reach some places.
Partly explored, can't reach some places.
Partly explored, can't reach some places.
Partly explored, can't reach some places.
(D) Dungeon (T) Temple
Where to? (Enter - D:9, ? - help)
There is a stone staircase leading down here.
You climb downwards.
Found 9 gold pieces.
Found a stone staircase leading down.
There is a stone staircase leading up here.
Unknown command.
Unknown command.
You now have 617 gold pieces (gained 9).
You open the door.
There is an open door here.
You open the door. 2 yaks come into view.
Found 16 gold pieces.
The yak bellows!
You hear a bellow!
There is an open door here.
There are monsters nearby!
A yak comes into view.
A yak comes into view.
You hit the yak but do no damage. You hit the yak but do no damage.
The yak is poisoned.
The yak gores you.
A hornet comes into view.
The hornet buzzes angrily.
You hit the yak.
The yak looks as sick as possible!
The yak is lightly wounded.
A yak comes into view.
The yak gores you but does no damage.
The yak bellows!
You hit the yak.
The yak looks as sick as possible!
The yak is lightly wounded.
You block the yak's attack.
You hit the yak but do no damage.
The yak looks as sick as possible!
The yak is moderately wounded.
You block the yak's attack.
You barely miss the yak.
The yak is moderately wounded.
The yak gores you!
You hit the yak but do no damage.
The yak looks as sick as possible!
The yak is moderately wounded.
You block the yak's attack.
You barely miss the yak.
The yak is heavily wounded.
The yak gores you.
You barely miss the yak.
The yak is heavily wounded.
You block the yak's attack.
Your +1 whip of venom stops dripping with poison.
a - a +0 war axe (weapon)
You barely miss the yak.
The yak is severely wounded.
The yak gores you but does no damage.
You completely miss the yak.
The yak is severely wounded.
The yak gores you!
You slash the yak!
The yak is moderately wounded.
The yak gores you but does no damage.
You slash the yak!
The yak is severely wounded.
The yak completely misses you.
You hit the yak.
The yak is almost dead.
You kill the yak!
Trog accepts your kill. The yak gores you!
A red film seems to cover your vision as you go berserk!
You feel yourself moving faster!
You feel mighty! The yak gores you!
* * * LOW HITPOINT WARNING * * *
You closely miss the yak.
The yak is almost dead.
The yak gores you.
* * * LOW HITPOINT WARNING * * *
You hit the yak.
You feel the power of Trog in you as your rage grows.
You kill the yak!
Trog accepts your kill.
Your Armour skill increases to level 4!
You hit the hornet.
The hornet is lightly wounded.
The hornet stings you!
* * * LOW HITPOINT WARNING * * *
You feel yourself slow down.
You barely miss the hornet.
The hornet is lightly wounded.
The hornet stings you!
* * * LOW HITPOINT WARNING * * *
You feel as though you will be slow longer.
The hornet barely misses you.
You closely miss the hornet.
The hornet is lightly wounded.
You block the hornet's attack.
You slash the hornet!
The hornet is heavily wounded.
You block the hornet's attack. x2
You hit the hornet but do no damage.
The hornet is heavily wounded.
The hornet barely misses you.
You hit the hornet.
The hornet is severely wounded.
The hornet stings you!
* * * LOW HITPOINT WARNING * * *
You feel as though you will be slow longer.
The hornet barely misses you.
You hit the hornet but do no damage.
The hornet is severely wounded.
You block the hornet's attack. x2
You slash the hornet!
You kill the hornet!
Trog accepts your kill.
You are too berserk!
You feel a strong urge to attack something.
There is an open door here.
You feel your anger nearly subside.
You feel yourself speed up.
You are no longer berserk.
You are exhausted.
You feel yourself slow down.
Okay, then.
You feel yourself speed up. The yak barely misses you.
The yak attacks as you move away! The yak gores you but does no damage.
There is a stone staircase leading up here.
You block the yak's attack.
You climb upwards.
There is a stone staircase leading down here.
The yak attacks as you move away! The yak gores you.
* * * LOW HITPOINT WARNING * * *
There is a stone staircase leading down here.
Throw: throwing net
Press: ? - help, Q - select action, (/) - cycle Shift-Dir - straight line, f - yak
Aim: a yak (73% to hit)
You throw a throwing net. The throwing net barely misses the yak.
You block the yak's attack.
Aiming: Paralyse
Press: ? - help, Shift-Dir - straight line, f/p - yak
Aim: a yak (chance to affect: 49%)
The yak suddenly stops moving!
The helpless yak fails to defend itself.
You slice the yak!!
The yak is heavily wounded.
The helpless yak fails to defend itself.
You slash the yak!
The yak is almost dead.
The helpless yak fails to defend itself.
You slice the yak!!
You kill the yak!
Trog accepts your kill.
You see here a yak corpse.
You feel yourself speed up.
Your extra speed is starting to run out.
You recover from your berserk rage.
You feel yourself slow down.
Magic restored.
Key pressed, stopping explore.
HP restored.
u - a throwing net Partly explored, can't reach some places.
Partly explored, can't reach some places.
Partly explored, can't reach some places.
As you read the scroll labelled ADUIGG PYHO, it crumbles to dust.
It is a scroll of identify.
v - 6 scrolls of teleportation
As you read the scroll of identify, it crumbles to dust.
f - 3 potions of degeneration
As you read the scroll of identify, it crumbles to dust.
c - 2 potions of magic
As you read the scroll of identify, it crumbles to dust.
d - 2 potions of lignification
As you read the scroll of identify, it crumbles to dust.
e - 2 scrolls of blinking
As you read the scroll of identify, it crumbles to dust.
D - 3 scrolls of magic mapping
As you read the scroll of identify, it crumbles to dust.
F - 2 scrolls of vulnerability
As you read the scroll of identify, it crumbles to dust.
p - 2 potions of attraction
As you read the scroll of identify, it crumbles to dust.
R - a scroll of fear
As you read the scroll of identify, it crumbles to dust.
I - a scroll of noise
As you read the scroll of identify, it crumbles to dust.
K - a scroll of poison
As you read the scroll of identify, it crumbles to dust.
C - a scroll of enchant weapon
As you read the scroll of identify, it crumbles to dust.
h - a scroll of silence You drop 3 potions of degeneration.
You drop a scroll of noise.
Partly explored, can't reach some places.
Partly explored, can't reach some places.
Partly explored, can't reach some places.
Search for what [Enter for "armor", or ? for help]? axe Partly explored, can't reach some places.
Partly explored, can't reach some places.
You enter the shallow water.
Moving in this stuff is going to be slow.
There is a stone staircase leading down here.
You climb downwards.
There is a stone staircase leading up here.
Okay, then.
You climb upwards.
There is a stone staircase leading down here.
You start removing your armour.
You continue taking off your +0 kite shield. x4
You finish taking off your +0 kite shield.
You start putting on your armour.
You continue putting on your +0 kite shield. x4
You finish putting on your +0 kite shield.
Unknown command.
Unknown command.
Unknown command.
You climb downwards.
There is a stone staircase leading up here.
You open the door.
There is an open door here.
You open the door.
There is an open door here.
You open the door.
Erolcha and an orc wizard come into view.
Erolcha shouts!
The orc wizard shouts!
You hear a shout!
The orc wizard moves out of view.
You hear a shout!
An orc comes into view. It is wielding a +0 hand axe.
There are monsters nearby!
There are monsters nearby!
Press: ? - help, v - describe, . - travel
Here: Erolcha, wielding a +0 giant club and wearing a +0 robe The floor.
Unknown command.
Press: ? - help, v - describe, . - travel
Here: Erolcha, wielding a +0 giant club and wearing a +0 robe The floor.
Unknown command.
Unknown command.
Aiming: Paralyse
Press: ? - help, Shift-Dir - straight line, f - Erolcha
Aim: Erolcha, wielding a +0 giant club and wearing a +0 robe (chance to affect: 17%)
Okay, then.
You fail to use your ability.
The orc shouts!
You fail to use your ability.
Okay, then.
As you read the scroll of silence, it crumbles to dust.
A profound silence engulfs you.
An orc wizard comes into view. It is wielding a +0 dagger.
Erolcha hits you with a +0 giant club!!
Okay, then.
Okay, then.
Magic scrolls do not work when you're silenced!
Okay, then.
Okay, then.
Okay, then.
Erolcha attacks as you move away!
Erolcha hits you with a +0 giant club!!!
* * * LOW MAGIC WARNING * * *
Ouch! That really hurt!
* * * LOW HITPOINT WARNING * * *
The orc wizard gestures wildly while chanting.
The orc wizard flickers and vanishes for a moment.
There is an open door here.
Erolcha points at you and mumbles some strange words.
The fireball explodes!
The fireball engulfs you but does no damage.
Erolcha casts a spell at you.
The fireball explodes!
The fireball engulfs you!
* * * LOW MAGIC WARNING * * *
You die...

######### ###.......#
######## #.'.......#
.......#######.#.......#
.......##......#@......#
.....<.#..######.......#
.........## #.......#
.......### #.......#
####...# #.......# ##.##
####O#### #.# ###o# #.#
#...# #.# #.###


You could see Erolcha and an orc wizard.

Vanquished Creatures
  Pikel (D:5)
  A hornet (D:9)
  Grinder (D:4)
  Sigmund (D:3)
  A wyvern (D:8)
  3 yaks
  2 steam dragons
  Menkaure (D:5)
  3 water moccasins (D:7)
  3 black bears
  2 orc warriors
  4 sky beasts
  2 lemures (D:6)
  A centaur (D:8)
  2 phantoms
  A kobold brigand (D:8)
  3 bullfrogs
  A necrophage (D:4)
  2 scorpions
  5 killer bees (D:8)
  A howler monkey (D:8)
  3 hounds
  4 orc priests
  A gnoll bouda (D:4)
  3 jellies
  4 iguanas
  Terence (D:2)
  4 orc wizards
  Robin (D:2)
  2 adders
  12 gnolls
  2 white imps
  2 ufetubi
  2 worms
  3 dart slugs
  22 orcs
  5 ball pythons
  13 bats
  3 endoplasms
  2 giant cockroaches (D:1)
  13 hobgoblins
  9 jackals
  15 kobolds
  5 quokkas
  4 frilled lizards
  12 goblins
  4 rats
192 creatures vanquished.

Notes
Turn   | Place    | Note
-------+----------+-------------------------------------------
     0 | D:1      | sleeves the Human Berserker began the quest for the Orb.
     0 | D:1      | Reached XP level 1. HP: 18/18 MP: 1/1
   244 | D:1      | Reached XP level 2. HP: 24/24 MP: 2/2
   265 | D:1      | HP: 9/24 [quokka (4)]
   686 | D:1      | HP: 10/24 [dart slug/slug dart (4)]
   688 | D:1      | Reached skill level 4 in Axes
   688 | D:1      | Reached XP level 3. HP: 12/29 MP: 3/3
  1404 | D:1      | Found a faded altar of an unknown god.
  1800 | D:2      | Noticed Robin
  1839 | D:2      | Noticed Terence
  2061 | D:2      | Killed Terence
  2062 | D:2      | Reached XP level 4. HP: 35/35 MP: 4/4
  2181 | D:2      | HP: 25/52 [iguana (7)]
  2183 | D:2      | Reached skill level 5 in Axes
  2616 | D:3      | Reached XP level 5. HP: 41/41 MP: 5/5
  2659 | D:3      | Noticed Sigmund
  2671 | D:3      | Killed Sigmund
  2672 | D:3      | Reached skill level 6 in Axes
  2672 | D:3      | Reached XP level 6. HP: 34/47 MP: 6/6
  2800 | D:3      | Reached ** piety under Trog
  3430 | D:2      | Reached skill level 7 in Axes
  3445 | D:2      | Killed Robin
  4291 | D:4      | Noticed a black bear
  4299 | D:4      | HP: 21/47 [black bear (6)]
  4301 | D:4      | Killed a black bear
  4302 | D:4      | Reached XP level 7. HP: 28/52 MP: 7/7
  4967 | D:4      | Noticed Grinder
  4985 | D:4      | Killed Grinder
  4986 | D:4      | Reached skill level 8 in Axes
  4986 | D:4      | Reached skill level 1 in Throwing
  4986 | D:4      | Reached skill level 1 in Shields
  5089 | D:4      | Reached skill level 2 in Throwing
  5089 | D:4      | Reached skill level 2 in Shields
  5089 | D:4      | Reached XP level 8. HP: 58/58 MP: 8/8
  5542 | D:5      | Entered Level 5 of the Dungeon
  5672 | D:5      | Found a shadowy altar of Dithmenos.
  5908 | D:5      | Noticed Menkaure
  5919 | D:5      | Killed Menkaure
  5920 | D:5      | Reached skill level 3 in Throwing
  5920 | D:5      | Reached skill level 3 in Shields
  5926 | D:5      | HP: 25/58 [gnoll/+0 spear (6)]
  6151 | D:5      | Reached *** piety under Trog
  6338 | D:5      | Identified the +6 sling of Crusades {freeze, *Slow rF+++
                  | Int+2}
  6343 | D:5      | Found a basalt altar of Yredelemnul.
  6432 | D:5      | HP: 43/87 [orc/+0 trident (6)]
  7454 | D:5      | Reached skill level 4 in Throwing
  7454 | D:5      | Reached skill level 4 in Shields
  7454 | D:5      | Reached XP level 9. HP: 36/63 MP: 6/9
  7663 | D:6      | Noticed Pikel
  7746 | D:5      | HP: 26/63 [Pikel/+1 whip of freezing (8)]
  7751 | D:5      | Killed Pikel
  7752 | D:5      | Reached skill level 9 in Axes
  7752 | D:5      | Reached skill level 5 in Throwing
  7752 | D:5      | Reached skill level 5 in Shields
  8008 | D:6      | Found an ornate altar of the Wu Jian Council.
  8016 | D:6      | Found a sparkling altar of Nemelex Xobeh.
  8091 | D:6      | Found a stormy altar of Qazlal.
  8652 | D:6      | Found a staircase to the Ecumenical Temple.
  9000 | D:7      | Found a blossoming altar of Fedhas.
  9561 | D:7      | Reached skill level 10 in Axes
  9561 | D:7      | Reached skill level 6 in Throwing
  9561 | D:7      | Reached skill level 6 in Shields
  9750 | D:7      | Found a radiant altar of Vehumet.
  9801 | D:7      | Reached XP level 10. HP: 58/70 MP: 8/10
 10337 | D:7      | HP: 35/70 [poisoned by a water moccasin]
 11054 | D:8      | Reached skill level 3 in Armour
 11731 | D:8      | Found an opulent altar of Gozag.
 11978 | D:8      | Reached **** piety under Trog
 12032 | D:8      | Found a hazy altar of Hepliaklqana.
 12080 | D:8      | Reached skill level 7 in Throwing
 12080 | D:8      | Reached skill level 7 in Shields
 12081 | D:8      | HP: 33/70 [killer bee (4)]
 12086 | D:8      | HP: 22/70 [poisoned by a killer bee]
 12091 | D:8      | HP: 18/70 [poisoned by a killer bee]
 12721 | D:9      | HP: 51/105 [yak (10)]
 12724 | D:9      | Reached skill level 4 in Armour
 12729 | D:9      | HP: 18/105 [hornet (10)]
 12746 | D:8      | HP: 14/70 [yak (1)]
 13101 | D:9      | Noticed Erolcha
 13105 | D:9      | HP: 2/70 [Erolcha/+0 giant club (37)]
 13112 | D:9      | Killed from afar by Erolcha

Illustrated notes

Levels and vault maps discovered:
D:1:      ncdulo_wetmaze, layout_loops_ring,
          hellmonk_ecumenical_altar_inner_sanctum, minivault_11
D:2:      layout_rooms, grunt_decor_mini_mirrors, kennysheep_generic_room_13,
          uniq_robin, uniq_terence
D:3:      layout_basic, minmay_misc_feat_doors, minmay_puff, uniq_sigmund
D:4:      layout_loops_ring, uniq_grinder
D:5:      layout_loops_cross, mainiacjoe_overflow_24_doors,
          nicolae_dithmenos_shadow_blocks, uniq_menkaure
D:6:      layout_cave_pods, lemuel_crystal_altar,
          nemelex_xobeh_ov_fountains_minmay, nicolae_qazlal_general_emergency,
          minmay_temple_entry_fiery, uniq_pikel
D:7:      layout_gridville, mainiacjoe_overflow_catwalk,
          nicolae_vehumet_altar_sigil, minmay_crystal_water,
          eino_small_chamber_without_monster, grunt_ministairs_3
D:8:      layout_loops_cross, nicolae_overflow_hidden_temple,
          nicolae_gozag_cash_rules_everything_around_me, serial_rivers,
          chequers_serial_rivers_room_b, chequers_serial_rivers_room_b,
          chequers_serial_rivers_small_b, chequers_serial_rivers_micro_a
D:9:      layout_roguey, lemuel_coloured_pillars_altar,
          nicolae_shop_firing_range, uniq_erolcha

Skill      XL: |  1  2  3  4  5  6  7  8  9 10 |
---------------+-------------------------------+-----
Axes           | 4 5 6 7 8 10 | 10.7
Throwing       | 2 4 6 7 |  7.3
Shields        | 2 4 6 7 |  7.3
Armour         | 4 |  4.3
Fighting       | |  3.0
Dodging        | |  2.0

Action                   |  1- 3 |  4- 6 |  7- 9 | 10-12 || total
-------------------------+-------+-------+-------+-------++-------
Melee: Hand axe          |   114 |   188 |   246 |       ||   548
       Punch             |     1 |     2 |       |       ||     3
       Whip              |       |       |   142 |    61 ||   203
       War axe           |       |       |     7 |    91 ||    98
       Flail             |       |       |       |    36 ||    36
Throw: Dart              |       |       |     8 |     7 ||    15
       Stone             |       |       |       |     2 ||     2
       Throwing net      |       |       |       |     1 ||     1
Invok: Berserk           |     2 |     4 |     4 |     1 ||    11
Evoke: Wand              |       |     1 |     3 |     2 ||     6
  Use: Scroll            |       |       |       |    14 ||    14
       Potion            |       |       |       |     1 ||     1
 Stab: Sleeping          |     1 |       |       |       ||     1
       Paralysed         |       |     6 |    13 |     5 ||    24
       Distracted        |       |     1 |       |       ||     1
Armor: Animal skin       |    22 |     3 |       |       ||    25
       Ring mail         |       |     3 |       |       ||     3
       Chain mail        |       |   144 |   177 |    49 ||   370
       Plate armour      |       |       |       |    46 ||    46
Dodge: Dodged            |    72 |    94 |    92 |    37 ||   295
Block: Kite shield       |       |       |   135 |    96 ||   231
